TOP OF THE 1ST |
Niagara Falls Expos batting - Pitching for Kennesaw Jets : RHP Dominic Parker
|
Pitching: RHP Dominic Parker
|
|
Batting: RHB Michael Peterson
|
0-0: Ball 1-0: SINGLE (Groundball, 6)
|
Batting: SHB Michel Perrin
|
0-0: Called Strike 0-1: Called Strike 0-2: Foul Ball, location: 2F 0-2: Ball 1-2: Ball 2-2: Ball 3-2: SINGLE (Groundball, 3D) Michael Peterson to second Runner from 2nd tries for 3rd, SAFE, no throw or cutoff
|
Batting: RHB Bronson Nicholls
|
0-0: Ball 1-0: Called Strike 1-1: Ball 2-1: Called Strike 2-2: Strikes out swinging
|
Batting: LHB Jorge Borbón
|
0-0: Called Strike Michel Perrin steals 2nd base 0-1: Foul Ball, location: 2F 0-2: Strikes out swinging
|
Batting: RHB Chuck Wolf
|
0-0: Foul Ball, location: 2F 0-1: Ball 1-1: SINGLE (Flyball, 7S) Michael Peterson scores Michel Perrin to third Runner from 3rd tries for Home, SAFE, no throw or cutoff
|
Batting: SHB Janghyun Sam
|
0-0: Ball 1-0: Ball 2-0: Ground out 6-3 (Groundball, 6)
|
Top of the 1st over - 2 run(s), 3 hit(s), 0 error(s), 1 left on base; Niagara Falls 2 - Kennesaw 0 |
BOTTOM OF THE 1ST |
Kennesaw Jets batting - Pitching for Niagara Falls Expos : RHP Mauro Guerra
|
Pitching: RHP Mauro Guerra
|
|
Batting: RHB Miguel Angel González
|
0-0: Fly out, F8 (Flyball, 8RM)
|
Batting: RHB Juan Sandoval
|
0-0: Foul Ball, location: 2F 0-1: Ground out 3-1 (Groundball, 34)
|
Batting: RHB José Ramos
|
0-0: Ball 1-0: Ball 2-0: Swinging Strike 2-1: Called Strike 2-2: Foul Ball, location: 2F 2-2: Strikes out looking
|
Bottom of the 1st over - 0 run(s), 0 hit(s), 0 error(s), 0 left on base; Niagara Falls 2 - Kennesaw 0 |
TOP OF THE 2ND |
Niagara Falls Expos batting - Pitching for Kennesaw Jets : RHP Dominic Parker
|
Batting: RHB Sean MacKnight
|
0-0: Ball 1-0: Foul Ball, location: 2F 1-1: Ball 2-1: Reached on error, E5 (Groundball, 5S)
|
Batting: RHB Tony Martínez
|
0-0: Called Strike 0-1: Ball 1-1: Ball 2-1: Foul Ball, location: 2F 2-2: Ball 3-2: Foul Ball, location: 2F 3-2: Fly out, F5 (Popup, 5S)
|
Batting: RHB Henry Womack
|
0-0: Called Strike 0-1: Ball 1-1: Called Strike 1-2: Foul Ball, location: 2F 1-2: Ball 2-2: Strikes out swinging
|
Batting: RHB Michael Peterson
|
0-0: Called Strike 0-1: Swinging Strike 0-2: Ball 1-2: Foul Ball, location: 2F 1-2: Strikes out swinging
|
Top of the 2nd over - 0 run(s), 0 hit(s), 1 error(s), 1 left on base; Niagara Falls 2 - Kennesaw 0 |
BOTTOM OF THE 2ND |
Kennesaw Jets batting - Pitching for Niagara Falls Expos : RHP Mauro Guerra
|
Batting: RHB Stephen Johnson
|
0-0: Ball 1-0: Called Strike 1-1: Ground out 6-3 (Groundball, 6M)
|
Batting: RHB Andrés Sánchez
|
0-0: Foul Ball, location: 2F 0-1: Fly out, F7 (Flyball, 7LM)
|
Batting: RHB Raúl Javier Jr.
|
0-0: SINGLE (Flyball, 89S)
|
Batting: RHB Jim Unknown
|
0-0: Called Strike 0-1: Ball 1-1: Foul Ball, location: 2F 1-2: Ground out 1-3 (Groundball, 15)
|
Bottom of the 2nd over - 0 run(s), 1 hit(s), 0 error(s), 1 left on base; Niagara Falls 2 - Kennesaw 0 |
TOP OF THE 3RD |
Niagara Falls Expos batting - Pitching for Kennesaw Jets : RHP Dominic Parker
|
Batting: SHB Michel Perrin
|
0-0: Foul Ball, location: 2F 0-1: Called Strike 0-2: Ball 1-2: Ball 2-2: Strikes out swinging
|
Batting: RHB Bronson Nicholls
|
0-0: Foul Ball, location: 2F 0-1: Foul Ball, location: 2F 0-2: Strikes out swinging
|
Batting: LHB Jorge Borbón
|
0-0: Ball 1-0: Foul Ball, location: 2F 1-1: Ball 2-1: Fly out, F4 (Popup, 4MD)
|
Top of the 3rd over - 0 run(s), 0 hit(s), 0 error(s), 0 left on base; Niagara Falls 2 - Kennesaw 0 |
BOTTOM OF THE 3RD |
Kennesaw Jets batting - Pitching for Niagara Falls Expos : RHP Mauro Guerra
|
Batting: LHB Jim Unknown
|
0-0: Called Strike 0-1: Ball 1-1: Swinging Strike 1-2: Strikes out looking
|
Batting: LHB Jim Unknown
|
0-0: Foul Ball, location: 2F 0-1: Hit by Pitch
|
Batting: RHB Miguel Angel González
|
0-0: Called Strike 0-1: Foul Ball, location: 2F 0-2: Ball 1-2: Ground out 5-3 (Groundball, 56S) Jim Unknown to second
|
Batting: RHB Juan Sandoval
|
0-0: Called Strike 0-1: Ball 1-1: Ball 2-1: SINGLE (Line Drive, 6D) Jim Unknown to third
|
Batting: RHB José Ramos
|
0-0: Foul Ball, location: 2F 0-1: Fielders Choice at 2nd, 6-4 (Groundball, 6)
|
Bottom of the 3rd over - 0 run(s), 1 hit(s), 0 error(s), 1 left on base; Niagara Falls 2 - Kennesaw 0 |
TOP OF THE 4TH |
Niagara Falls Expos batting - Pitching for Kennesaw Jets : RHP Dominic Parker
|
Batting: RHB Chuck Wolf
|
0-0: Ball 1-0: Called Strike 1-1: Ball 2-1: Swinging Strike 2-2: Strikes out swinging
|
Batting: SHB Janghyun Sam
|
0-0: Fly out, F7 (Line Drive, 7S)
|
Batting: RHB Sean MacKnight
|
0-0: Called Strike 0-1: Ball 1-1: Swinging Strike 1-2: Ball 2-2: Ball 3-2: Base on Balls
|
Batting: RHB Tony Martínez
|
0-0: Ball Wild Pitch! Sean MacKnight to second 1-0: Ball 2-0: Called Strike 2-1: Ball 3-1: Called Strike 3-2: Strikes out looking
|
Top of the 4th over - 0 run(s), 0 hit(s), 0 error(s), 1 left on base; Niagara Falls 2 - Kennesaw 0 |
BOTTOM OF THE 4TH |
Kennesaw Jets batting - Pitching for Niagara Falls Expos : RHP Mauro Guerra
|
Batting: RHB Stephen Johnson
|
0-0: Ball 1-0: SINGLE (Line Drive, 4M)
|
Batting: RHB Andrés Sánchez
|
0-0: Called Strike 0-1: SINGLE (Groundball, 56) Stephen Johnson to second
|
Batting: RHB Raúl Javier Jr.
|
0-0: Swinging Strike 0-1: Ground out 1-3 (Groundball, 3S) Stephen Johnson to third Andrés Sánchez to second
|
Batting: RHB Jim Unknown
|
0-0: Ball 1-0: Ground out 2-3 (Groundball, 2R)
|
Batting: LHB Jim Unknown
|
0-0: Called Strike 0-1: Ground out 6-3 (Groundball, 6)
|
Bottom of the 4th over - 0 run(s), 2 hit(s), 0 error(s), 2 left on base; Niagara Falls 2 - Kennesaw 0 |
TOP OF THE 5TH |
Niagara Falls Expos batting - Pitching for Kennesaw Jets : RHP Dominic Parker
|
Batting: RHB Henry Womack
|
0-0: Ball 1-0: Ball 2-0: Ball 3-0: Base on Balls
|
Pitching: RHP Manny Benavides
|
|
Batting: RHB Michael Peterson
|
0-0: Ball 1-0: Ball 2-0: Bunted foul 2-1: Bunt missed! 2-2: Foul Ball, location: 2F 2-2: Grounds into double play, 5-4-3 (Groundball, 56)
|
Batting: SHB Michel Perrin
|
0-0: Ball 1-0: SINGLE (Flyball, 89S)
|
Batting: RHB Bronson Nicholls
|
0-0: Called Strike 0-1: Ball 1-1: Foul Ball, location: 2F 1-2: Fly out, F9 (Flyball, 9M)
|
Top of the 5th over - 0 run(s), 1 hit(s), 0 error(s), 1 left on base; Niagara Falls 2 - Kennesaw 0 |
BOTTOM OF THE 5TH |
Kennesaw Jets batting - Pitching for Niagara Falls Expos : RHP Mauro Guerra
|
Batting: LHB Jim Unknown
|
0-0: Called Strike 0-1: Swinging Strike 0-2: Strikes out swinging
|
Batting: RHB Miguel Angel González
|
0-0: Ball 1-0: Called Strike 1-1: Ball 2-1: Swinging Strike 2-2: Foul Ball, location: 2F 2-2: Foul Ball, location: 2F 2-2: Ball 3-2: Strikes out swinging
|
Batting: RHB Juan Sandoval
|
0-0: Ground out 6-3 (Groundball, 6M)
|
Bottom of the 5th over - 0 run(s), 0 hit(s), 0 error(s), 0 left on base; Niagara Falls 2 - Kennesaw 0 |
TOP OF THE 6TH |
Niagara Falls Expos batting - Pitching for Kennesaw Jets : RHP Manny Benavides
|
Batting: LHB Jorge Borbón
|
0-0: Ball 1-0: Called Strike 1-1: Swinging Strike 1-2: Strikes out swinging
|
Batting: RHB Chuck Wolf
|
0-0: Called Strike 0-1: Swinging Strike 0-2: Ball 1-2: Strikes out swinging
|
Batting: SHB Janghyun Sam
|
0-0: Foul Ball, location: 2F 0-1: Fly out, F2 (Popup, 2LF)
|
Top of the 6th over - 0 run(s), 0 hit(s), 0 error(s), 0 left on base; Niagara Falls 2 - Kennesaw 0 |
BOTTOM OF THE 6TH |
Kennesaw Jets batting - Pitching for Niagara Falls Expos : RHP Mauro Guerra
|
Batting: RHB José Ramos
|
0-0: Ball 1-0: Ground out 5-3 (Groundball, 56)
|
Batting: RHB Stephen Johnson
|
0-0: Called Strike 0-1: Ground out 5-3 (Groundball, 56S)
|
Batting: RHB Andrés Sánchez
|
0-0: Ball 1-0: Ball 2-0: Foul Ball, location: 2F 2-1: Hit by Pitch
|
Batting: RHB Raúl Javier Jr.
|
0-0: Ball 1-0: Ball 2-0: Called Strike 2-1: Ball 3-1: Fly out, F3 (Popup, 3SF)
|
Bottom of the 6th over - 0 run(s), 0 hit(s), 0 error(s), 1 left on base; Niagara Falls 2 - Kennesaw 0 |
TOP OF THE 7TH |
Niagara Falls Expos batting - Pitching for Kennesaw Jets : RHP Manny Benavides
|
Batting: RHB Sean MacKnight
|
0-0: Ball 1-0: Ball 2-0: Called Strike 2-1: Swinging Strike 2-2: Foul Ball, location: 2F 2-2: Foul Ball, location: 2F 2-2: Foul Ball, location: 2F 2-2: Ground out 6-3 (Groundball, 6)
|
Batting: RHB Tony Martínez
|
0-0: Ground out 5-3 (Groundball, 56)
|
Batting: RHB Henry Womack
|
0-0: Ball 1-0: Ball 2-0: Foul Ball, location: 2F 2-1: Ball 3-1: Base on Balls
|
Batting: RHB Michael Peterson
|
0-0: SINGLE (Groundball, 4M) Henry Womack to second
|
Batting: SHB Michel Perrin
|
0-0: Ball 1-0: Foul Ball, location: 2F 1-1: Swinging Strike 1-2: Strikes out swinging
|
Top of the 7th over - 0 run(s), 1 hit(s), 0 error(s), 2 left on base; Niagara Falls 2 - Kennesaw 0 |
BOTTOM OF THE 7TH |
Kennesaw Jets batting - Pitching for Niagara Falls Expos : RHP Mauro Guerra
|
Batting: RHB Jim Unknown
|
0-0: Ball 1-0: SINGLE (Flyball, 7S)
|
Batting: LHB Jim Unknown
|
0-0: Ball 1-0: Foul Ball, location: 2F 1-1: Ball 2-1: Foul Ball, location: 2F 2-2: Fly out, F8 (Flyball, 8LM)
|
Batting: LHB Jim Unknown
|
0-0: Called Strike 0-1: Called Strike 0-2: Grounds into double play, 6-4-3 (Groundball, 6)
|
Bottom of the 7th over - 0 run(s), 1 hit(s), 0 error(s), 0 left on base; Niagara Falls 2 - Kennesaw 0 |
TOP OF THE 8TH |
Niagara Falls Expos batting - Pitching for Kennesaw Jets : RHP Manny Benavides
|
Pitching: RHP Emílio Rodríguez
|
|
Batting: RHB Bronson Nicholls
|
0-0: Ball 1-0: Ball 2-0: Ball 3-0: Ground out 5-3 (Groundball, 56)
|
Batting: LHB Jorge Borbón
|
0-0: Ball 1-0: Ball 2-0: Ball 3-0: Base on Balls
|
Batting: RHB Chuck Wolf
|
0-0: Ball 1-0: Ball 2-0: Called Strike 2-1: Ball 3-1: DOUBLE (Flyball, 8LXD) Jorge Borbón to third
|
Batting: SHB Janghyun Sam
|
0-0: Foul Ball, location: 2F 0-1: Ball 1-1: Ball 2-1: Foul Ball, location: 2F 2-2: Foul Ball, location: 2F 2-2: Strikes out swinging
|
Batting: RHB Sean MacKnight
|
0-0: Ball 1-0: Fly out, F8 (Flyball, 78D)
|
Top of the 8th over - 0 run(s), 1 hit(s), 0 error(s), 2 left on base; Niagara Falls 2 - Kennesaw 0 |
BOTTOM OF THE 8TH |
Kennesaw Jets batting - Pitching for Niagara Falls Expos : RHP Mauro Guerra
|
Batting: RHB Miguel Angel González
|
0-0: Ball 1-0: Ball 2-0: Swinging Strike 2-1: Foul Ball, location: 2F 2-2: Strikes out swinging
|
Batting: RHB Juan Sandoval
|
0-0: Ball 1-0: Called Strike 1-1: Ball 2-1: Ball 3-1: Base on Balls
|
Pitching: RHP Jim Unknown
|
|
Batting: RHB José Ramos
|
0-0: Grounds into double play, 4-6-3 (Groundball, 4)
|
Bottom of the 8th over - 0 run(s), 0 hit(s), 0 error(s), 0 left on base; Niagara Falls 2 - Kennesaw 0 |
TOP OF THE 9TH |
Niagara Falls Expos batting - Pitching for Kennesaw Jets : RHP Emílio Rodríguez
|
Batting: RHB Tony Martínez
|
0-0: Swinging Strike 0-1: Ball 1-1: Foul Ball, location: 2F 1-2: Fly out, F4 (Popup, 4M)
|
Batting: RHB Henry Womack
|
0-0: Ball 1-0: Called Strike 1-1: SINGLE (Groundball, 56D) (infield hit)
|
Batting: RHB Michael Peterson
|
0-0: Ball 1-0: Called Strike Henry Womack is caught stealing 2nd base 1-1: Ball 2-1: Ground out 4-3 (Groundball, 4M)
|
Top of the 9th over - 0 run(s), 1 hit(s), 0 error(s), 0 left on base; Niagara Falls 2 - Kennesaw 0 |
BOTTOM OF THE 9TH |
Kennesaw Jets batting - Pitching for Niagara Falls Expos : RHP Jim Unknown
|
Batting: RHB Stephen Johnson
|
0-0: Called Strike 0-1: Ball 1-1: Fly out, F3 (Popup, 13)
|
Batting: RHB Andrés Sánchez
|
0-0: Called Strike 0-1: Ground out 5-3 (Groundball, 56S)
|
Batting: RHB Raúl Javier Jr.
|
0-0: SINGLE (Groundball, 6)
|
Pinch Hitting: LHB Jim Unknown
|
0-0: Ball 1-0: Called Strike 1-1: Foul Ball, location: 2F 1-2: Foul Ball, location: 2F 1-2: Strikes out looking
|
Bottom of the 9th over - 0 run(s), 1 hit(s), 0 error(s), 1 left on base; Niagara Falls 2 - Kennesaw 0 |
|